 Dungeon Crawl Stone Soup version 0.27.1-1-g398f81649c (webtiles) character file.

Game seed: 5759171841165265806

81 Gabide the Magician (level 4, 0/32 HPs)
             Began as a Djinni Hedge Wizard on Sept 19, 2021.
             Slain by a scorpion (1 damage)
             ... on level 3 of the Dungeon.
             The game lasted 00:22:13 (4315 turns).

Gabide the Magician (Djinni Hedge Wizard)           Turns: 4315, Time: 00:22:14

Health: 0/32       AC:  2    Str:  9    XL:     4   Next: 67%
Gold:   122        EV: 12    Int: 16    God:
                   SH:  0    Dex: 13

rFire    + + .     SeeInvis .   g - +1 dagger (freeze)
rCold    x . .     Faith    .   (no shield)
rNeg     . . .     Spirit   .   b - +0 robe
rPois    ∞         Reflect  .   c - +0 hat
rElec    .         Harm     .   (no cloak)
rCorr    .         Rampage  .   (no gloves)
Will     .....                  (boots unavailable)
Stlth    ++........             (no amulet)
HPRegen  0.10/turn              (no ring)
MPRegen  0.00/turn              (no ring)

@: flying
A: sickness immunity, fire resistance 2, cold vulnerability 1, float, innate
caster, hp casting, extra vitality 1
a: no special abilities


You were on level 3 of the Dungeon.
You visited 1 branch of the dungeon, and saw 4 of its levels.

You collected 122 gold pieces.

Inventory:

Hand Weapons
 g - a +1 dagger of freezing (weapon)
Armour
 b - a +0 robe (worn)
 c - a +0 hat (worn)
 d - a +0 ring mail
 k - a +1 pair of gloves
Scrolls
 f - a scroll of teleportation
Potions
 a - a potion of degeneration {unknown}
 e - a potion of heal wounds {unknown}
 h - a potion of invisibility {unknown}
 i - a potion of flight {unknown}
 j - a potion of might {unknown}


   Skills:
 * Level 1.5 Fighting
 + Level 0.1 Short Blades
 + Level 2.4 Dodging
 + Level 2.0 Stealth
 - Level 3.3 Spellcasting


You couldn't memorise any spells.
You knew the following spells:

 Your Spells              Type           Power      Damage    Failure   Level
a - Magic Dart            Conj           52%        1d5       4%          1
b - Blink                 Tloc           N/A        N/A       7%          2
c - Call Imp              Summ           13%        N/A       7%          2
d - Slow                  Hex            13%        N/A       7%          2
e - Conjure Flame         Conj/Fire      13%        6-21      14%         3
f - Mephitic Cloud        Conj/Pois/Air  13%        N/A       14%         3
g - Apportation           Tloc           26%        N/A       4%          1
Your spell library was empty.

Dungeon Overview and Level Annotations

Branches:
Dungeon (4/15)
 Temple: D:4-7

Altars:
Trog

Shops:
D:1 (


Innate Abilities, Weirdness & Mutations

You are immune to sickness and miasma.
You are immune to poison.
Your flesh is very heat resistant. (rF++)
You are vulnerable to cold. (rC-)
You float through the air rather than walking.
You learn spells naturally, not from books.
Your magical power is your life essence.
You have superior vitality. (+4 HP)


Message History

Okay, then.
Casting: Mephitic Cloud (quite dangerous; 14% risk of failure)
Confirm with . or Enter, or press ? or * to list all spells.
Okay, then.
Casting: Mephitic Cloud (quite dangerous; 14% risk of failure)
Confirm with . or Enter, or press ? or * to list all spells.
The spell is quite dangerous to cast (14% risk of failure)!
Continue anyway?
Aiming: Mephitic Cloud (quite dangerous; 14% risk of failure)
Press: ? - help, Shift-Dir - straight line The ball explodes into a vile cloud!
The stinking cloud engulfs the scorpion but does no damage.
* * * LOW HITPOINT WARNING * * *
You hear a shout!
You hear an angry hiss. x2
The scorpion is engulfed in noxious fumes.
The scorpion appears confused.
A kobold comes into view. It is wielding a +0 short sword.
A hobgoblin comes into view.
The gnoll is engulfed in noxious fumes.
The gnoll appears confused.
The scorpion is engulfed in noxious fumes. x2
The scorpion appears confused.
A goblin comes into view. It is wielding a +0 dagger.
The scorpion is engulfed in noxious fumes.
The scorpion appears confused.
The scorpion stings you.
* * * LOW HITPOINT WARNING * * *
The kobold throws a stone.
The stone hits you but does no damage. The scorpion misses you.
An adder skeleton comes into view.
The scorpion barely misses the scorpion.
The kobold throws a stone.
The stone hits you.
* * * LOW HITPOINT WARNING * * *
There is a stone staircase leading up here.
The scorpion closely misses you.
You fly upwards.
There is a stone staircase leading down here.
You can't go up here!
Casting: Mephitic Cloud (quite dangerous; 14% risk of failure)
Confirm with . or Enter, or press ? or * to list all spells.
Okay, then.
The scorpion stings you.
You die...

###### ####....##
##### #........#
#.... #>##.##..##
#.### #.##......# #.#
#>#####...####.###
#s# #.........[.
#@#####...####.###
#...........[.....
#.#######.###.####
#######.#######.# #[#
#..†....[.......###[#
#.#####.######....#.#
#.# #.# #.##.#<# #.#
#.# #.##.#.# #.# #.#
#.##.#.# #


You could see a scorpion.

Vanquished Creatures
  2 gnolls (D:4)
  An endoplasm (D:3)
  3 goblins
  A hobgoblin (D:3)
  2 kobolds
  4 bats
  2 frilled lizards
  A rat (D:1)
16 creatures vanquished.

Vanquished Creatures (collateral kills)
  2 orc wizards (D:3)
  An adder (D:3)
  2 orcs (D:3)
  3 endoplasms
  A giant cockroach (D:2)
  A goblin (D:2)
  2 hobgoblins
  3 jackals (D:3)
  2 ball pythons
  4 frilled lizards
  A kobold (D:1)
  A rat (D:2)
23 creatures vanquished.

Vanquished Creatures (others)
  4 fungi (D:4)
4 creatures vanquished.

Grand Total: 43 creatures vanquished

Notes
Turn   | Place    | Note
-------+----------+-------------------------------------------
     0 | D:1      | Gabide the Djinni Hedge Wizard began the quest for the Orb.
     0 | D:1      | Reached XP level 1. HP: 15/15 MP: 0/0
   143 | D:1      | Found Zuat's Antique Weapon Emporium.
   359 | D:1      | Reached XP level 2. HP: 21/21 MP: 0/0
  2650 | D:3      | Reached XP level 3. HP: 20/26 MP: 0/0
  2650 | D:3      | Learned a level 1 spell: Apportation
  2793 | D:3      | Reached skill level 3 in Spellcasting
  2818 | D:3      | Reached XP level 4. HP: 11/31 MP: 0/0
  3080 | D:3      | Found a faded altar of an unknown god.
  3088 | D:3      | Became a worshipper of Trog the Wrathful
  3088 | D:3      | Reached * piety under Trog
  3089 | D:3      | Fell from the grace of Trog
  3356 | D:3      | Reached skill level 1 in Fighting
  3952 | D:4      | Noticed a bullfrog
  4303 | D:4      | Noticed a scorpion
  4305 | D:4      | Noticed a scorpion
  4311 | D:4      | HP: 1/32 [kobold/stone (2)]
  4315 | D:3      | Slain by a scorpion

Illustrated notes

Levels and vault maps discovered:
D:1:      sevenhm_arrival_forest_fort_small_3, layout_loops_cross, serial_shops,
          shop
D:2:      layout_rooms, hangedman_abyss_or_decor_stabs
D:3:      layout_loops_ring, shapermc_ecumenical_altar_pompeii, minivault_4,
          kennysheep_generic_room_6
D:4:      old_forge, layout_cave_pools, nicolae_overflow_crystal_walls,
          uniq_duvessa, uniq_grinder, uniq_sigmund

Skill      XL: |  1  2  3  4 |
---------------+-------------+-----
Spellcasting   | 3 |  3.3
Fighting       | 1 |  1.5
Stealth        | 2 |  2.0
Short Blades   | |  0.1
Dodging        | |  2.4

Action                   |  1- 3 |  4- 6 || total
-------------------------+-------+-------++-------
Melee: Dagger            |    19 |     4 ||    23
 Cast: Magic Dart        |    13 |    14 ||    27
       Call Imp          |    52 |     3 ||    55
       Slow              |     1 |     3 ||     4
       Mephitic Cloud    |       |     8 ||     8
       Conjure Flame     |       |     3 ||     3
       Blink             |       |     1 ||     1
Invok: Renounce Religion |       |     1 ||     1
  Use: Scroll            |     2 |     2 ||     4
 Stab: Sleeping          |     1 |       ||     1
       Confused          |       |     1 ||     1
Armor: Robe              |    16 |     2 ||    18
Dodge: Dodged            |    18 |     7 ||    25
